 Dungeon Crawl Stone Soup version 0.18.1-48-g4cf74bf (webtiles) character file.

893 Larett the Covert (level 7, -9/33 HPs)
             Began as a Spriggan Assassin on July 6, 2016.
             Was an Initiate of Gozag.
             Killed by divine providence
             ... invoked by an orc priest
              (14 damage)
             ... on level 5 of the Dungeon on July 7, 2016.
             The game lasted 00:19:16 (5937 turns).

Larett the Covert (Spriggan Assassin)               Turns: 5937, Time: 00:19:17

Health: -9/33      AC:  3    Str:  7    XL:     7   Next: 78%
Magic:  8/8        EV: 16    Int: 12    God:    Gozag
Gold:   430        SH:  0    Dex: 20    Spells: 0 memorised, 6 levels left

rFire  . . .     SeeInvis +     c - +1 dagger (venom)
rCold  . . .     Gourm    .     L - +0 robe
rNeg   . . .     Faith    .     v - +2 buckler
rPois  .         Spirit   .     (helmet restricted)
rElec  .         Dismiss  .     d - +0 cloak
rCorr  .         Reflect  .     (gloves unavailable)
SustAt .         Harm     .     (boots unavailable)
MR     +....                    (no amulet)
Stlth  ++........               (no ring)
                                (no ring)

@: confused, gold aura, very quick, somewhat resistant to hostile enchantments,
unstealthy
A: unfitting armour, see invisible, herbivore 3, speed 3, slow metabolism 2
a: Potion Petition, Call Merchant, Bribe Branch, Renounce Religion


You were on level 5 of the Dungeon.
You worshipped Gozag.
Gozag was noncommittal.
You were hungry.

You visited 1 branch of the dungeon, and saw 5 of its levels.
You also visited: Sewer.

You collected 812 gold pieces.
You spent 340 gold pieces at shops.
You paid 42 gold pieces to Gozag.

Inventory:

Hand Weapons
 a - a +2 dagger of speed
 b - a +0 hunting sling
 c - a +1 dagger of venom (weapon)
 r - a +0 blowgun
 u - a +0 hunting sling
 B - a +2 spear of piercing
 E - a +1 whip of electrocution
 F - a +3 dagger
 H - a +0 dagger
Missiles
 e - 41 poisoned needles
 f - 2 curare-tipped needles
 h - 159 stones (quivered)
 m - 7 needles of confusion
 t - 17 bolts
 y - 28 sling bullets
 z - 49 arrows
Armour
 d - a +0 cloak (worn)
 v - a +2 buckler (worn)
 L - a +0 robe (worn)
Wands
 o - a wand of flame (43/48)
 w - a wand of iceblast (11/15)
 A - a wand of slowing (13/48)
Scrolls
 j - a scroll of immolation {unknown}
 l - 3 scrolls of fear
 p - a scroll of amnesia
 C - 3 scrolls of remove curse
 D - 2 scrolls of teleportation
 I - 2 scrolls of blinking
 J - 3 scrolls of magic mapping
 K - 2 scrolls of recharging
 P - 2 scrolls of holy word {unknown}
Potions
 i - a potion of cancellation {unknown}
 k - a potion of brilliance
 q - 4 potions of curing
 s - a potion of magic {unknown}
 x - a potion of invisibility {unknown}
 G - a potion of degeneration {unknown}
 M - a potion of flight {unknown}
 N - a potion of agility {unknown}
Comestibles
 g - 4 bread rations
 n - 11 fruits
 O - a slice of pizza


   Skills:
 - Level 1.5 Fighting
 + Level 5.9 Short Blades
 + Level 5.5(5.8) Slings
 - Level 2.0(3.5) Throwing
 - Level 1.5 Dodging
 - Level 10.3 Stealth


You had 6 spell levels left.
You didn't know any spells.

Dungeon Overview and Level Annotations

Branches:
Dungeon (5/15)
 Temple: D:4-7

Altars:
Ashenzari
Fedhas
Gozag
Makhleb
Sif Muna

Shops:
D:4 ?


Innate Abilities, Weirdness & Mutations

You are tiny and cannot use many weapons and most armour.
You have supernaturally acute eyesight.
You are a herbivore.
You cover ground extremely quickly.
You need consume almost no food.


Message History

You block the iguana's attack.
You hit the iguana.
The iguana is heavily wounded.
The iguana bites you but does no damage.
You open the door. 3 orcs, an orc priest and an orc wizard come into view.
The orc shouts!
You kill the iguana!
The orc priest shouts!
The orc wizard points at you and mumbles some strange words.
You are confused.
You hear a shout!
An adder comes into view.
You bump into the rock wall.
An orc comes into view. It is wielding a staff of conjuration.
The orc shouts!
The orc priest calls down the wrath of Beogh upon you.
Beogh smites you!
You die...
Your body crumbles into a pile of gold.

.### ..o.#.# ...## o..#.#
.###. #o##.#
...#.#######.##.#
.8##..$....$..>.#
.####.#####..#..#
.............#..#########
######.####.##.o.........
.# .o.....i######## .#
##.#....# .. #..#....# #.
#..#..... .. ..#..#.##
#..... #..... #./### $


You could see an orc priest, an orc wizard and 2 orcs.

Vanquished Creatures
  Sigmund (D:2)
  A sky beast (D:5)
  An ogre (D:4)
  The ghost of WhyteDragon the Skirmisher, an amateur DsFi (D:3)
  A giant frog (Sewer)
  A hound (D:5)
  An orc wizard (D:3)
  Jessica (D:3)
  An iguana (D:5)
  A worker ant (D:5)
  Robin (D:4)
  10 adders
  4 gnolls (D:2)
  2 oozes
  2 worms (D:2)
  4 dart slugs
  9 giant geckos
  7 orcs
  4 ball pythons
  10 giant cockroaches
  16 goblins
  11 hobgoblins
  4 jackals (D:5)
  5 kobolds
  A quokka (D:3)
  4 bats
  7 giant newts
  A jackal skeleton (D:4)
  4 rats
116 creatures vanquished.

Notes
Turn   | Place    | Note
--------------------------------------------------------------
     0 | D:1      | Larett the Spriggan Assassin began the quest for the Orb.
     0 | D:1      | Reached XP level 1. HP: 10/10 MP: 2/2
    27 | D:1      | Reached skill level 6 in Stealth
   223 | D:1      | Reached XP level 2. HP: 14/14 MP: 3/3
   504 | D:1      | Reached skill level 7 in Stealth
   740 | D:2      | Reached XP level 3. HP: 18/18 MP: 4/4
   890 | D:2      | Found a blossoming altar of Fedhas.
   933 | D:2      | Found an opulent altar of Gozag.
   943 | D:2      | Became a worshipper of Gozag Ym Sagoz the Greedy
   949 | D:2      | Noticed Sigmund
  1049 | D:2      | Killed Sigmund
  1049 | D:2      | Reached skill level 10 in Stealth
  1049 | D:2      | Reached XP level 4. HP: 20/22 MP: 5/5
  1049 | D:2      | Reached XP level 5. HP: 23/25 MP: 6/6
  1247 | D:2      | Found a deep blue altar of Sif Muna.
  1828 | D:2      | HP: 5/25 [poisoned by an adder]
  1833 | D:2      | HP: 4/25 [poisoned by an adder]
  1840 | D:2      | HP: 3/25 [poisoned by an adder]
  1856 | D:2      | Reached skill level 1 in Slings
  2658 | D:2      | Reached XP level 6. HP: 16/30 MP: 7/7
  2902 | D:2      | Reached skill level 3 in Short Blades
  2902 | D:2      | Reached skill level 2 in Slings
  3354 | D:3      | Noticed Jessica
  3358 | D:3      | Killed Jessica
  3573 | D:3      | Noticed WhyteDragon's ghost (amateur DsFi)
  3611 | D:3      | HP: 4/30 [orc wizard/puff of frost (9)]
  3801 | D:3      | HP: 6/30 [WhyteDragon's ghost (1)]
  3832 | D:3      | Killed WhyteDragon's ghost
  3832 | D:3      | Reached skill level 4 in Short Blades
  3832 | D:3      | Reached skill level 3 in Slings
  4352 | D:4      | Reached skill level 4 in Slings
  4352 | D:4      | Reached XP level 7. HP: 33/33 MP: 8/8
  4380 | D:4      | Found Essukom's Magic Scroll Emporium.
  4388 | D:4      | Bought a scroll of magic mapping for 35 gold pieces
  4388 | D:4      | Bought a scroll of remove curse for 30 gold pieces
  4388 | D:4      | Bought a scroll of identify for 20 gold pieces
  4388 | D:4      | Bought a scroll of recharging for 95 gold pieces
  4388 | D:4      | Bought a scroll of magic mapping for 35 gold pieces
  4388 | D:4      | Bought a scroll of recharging for 95 gold pieces
  4388 | D:4      | Bought a scroll of remove curse for 30 gold pieces
  4474 | D:4      | Noticed Robin
  4510 | D:4      | Killed Robin
  4938 | D:5      | Entered Level 5 of the Dungeon
  4970 | D:5      | Found a glowing drain.
  4986 | Sewer    | Entered a sewer
  5421 | Sewer    | Reached skill level 5 in Short Blades
  5701 | D:5      | Reached skill level 5 in Slings
  5846 | D:5      | Found a shattered altar of Ashenzari.
  5846 | D:5      | Found a burning altar of Makhleb.
  5924 | D:5      | HP: 4/33 [iguana (7)]
  5937 | D:5      | Killed from afar by an orc priest

Skill      XL: |  1  2  3  4  5  6  7 |
---------------+----------------------+-----
Stealth        | 6 7 10 | 10.3
Slings         | 1 4 5 |  5.5
Short Blades   | 4 5 |  5.9
Fighting       | |  1.5
Throwing       | |  2.0
Dodging        | |  1.5

Action                   |  1- 3 |  4- 6 |  7- 9 || total
-------------------------+-------+-------+-------++-------
Melee: Dagger            |    74 |   160 |   201 ||   435
 Fire: Blowgun           |    13 |       |       ||    13
       Hunting sling     |     2 |    51 |       ||    53
Throw: Stone             |       |       |     1 ||     1
Evoke: Wand              |       |       |     1 ||     1
  Use: Scroll            |       |     7 |     7 ||    14
       Potion            |       |     1 |       ||     1
 Stab: Sleeping          |     6 |    15 |     9 ||    30
       Distracted        |     1 |     4 |     1 ||     6
  Eat: Fruit             |       |       |     2 ||     2
Armor: Robe              |     8 |    12 |    23 ||    43
Dodge: Dodged            |    37 |    76 |    79 ||   192
Block: Buckler           |       |    48 |    51 ||    99
